 Dungeon Crawl Stone Soup version 0.21.1-1-g345015f (webtiles) character file.

78 Folque the Sneak (level 4, 0/29 HPs)
             Began as an Octopode Wizard on Mar 25, 2018.
             Killed from afar by an orc (18 damage)
             ... with a wand of acid (6)
             ... on level 3 of the Dungeon.
             The game lasted 00:13:10 (1692 turns).

Folque the Sneak (Octopode Wizard)                  Turns: 1692, Time: 00:13:11

Health: 0/29       AC:  1    Str:  8    XL:     4   Next: 36%
Magic:  3/9        EV: 13    Int: 21    God:
Gold:   30         SH:  0    Dex: 10    Spells: 2/10 levels left

rFire    . . .     SeeInvis .   r - +2 dagger (venom)
rCold    . . .     Gourm    .   (no shield)
rNeg     . . .     Faith    .   a - +0 hat
rPois    .         Spirit   .   (no amulet)
rElec    .         Reflect  .   d - +2 ring of strength
rCorr    .         Harm     .   (no ring)
MR       .....                  (no ring)
Stlth    +++.......             (no ring)
HPRegen  0.09/turn              (no ring)
MPRegen  0.11/turn              (no ring)
                                (no ring)
                                (no ring)

@: very slightly contaminated
A: almost no armour, stealthy swim, amphibious, 8 rings, constrict 8, camouflage
1, gelatinous body 1
a: no special abilities


You were on level 3 of the Dungeon.
You were not hungry.

You visited 1 branch of the dungeon, and saw 3 of its levels.

You collected 30 gold pieces.

Inventory:

Hand Weapons
 e - a +0 short sword of protection
 o - a +0 falchion
 r - a +2 dagger of venom (weapon)
Armour
 a - a +0 hat (worn)
 k - a +0 shield
Jewellery
 d - a +2 ring of strength (left tentacle)
 q - an uncursed ring of fire {unknown}
Scrolls
 g - a scroll of teleportation
 h - a scroll of fear {unknown}
 i - 2 scrolls of magic mapping
 j - 2 scrolls of identify
 p - a scroll of amnesia {unknown}
Potions
 f - a potion of curing {unknown}
 m - a potion of brilliance {unknown}
Books
 b - a book of Minor Magic

   Spells                             Type                      Level
   a - Magic Dart                     Conjuration                  1
   b - Blink                          Translocation                2
   c - Call Imp                       Summoning                    2
   d - Slow                           Hexes                        2
   e - Conjure Flame                  Conjuration/Fire             3
   f - Mephitic Cloud                 Conjuration/Poison/Air       3
 n - a book of Misfortune

   Spells                             Type                      Level
   a - Confusing Touch                Hexes                        1
   b - Confuse                        Hexes                        3
   c - Gell's Gravitas                Translocation                3
   d - Petrify                        Transmutation/Earth          4
   e - Metabolic Englaciation         Hexes/Ice                    5
   f - Yara's Violent Unravelling     Hexes/Transmutation          5
Comestibles
 c - 3 rations


   Skills:
 - Level 2.0 Fighting
 - Level 2.0 Dodging
 - Level 4.1 Stealth
 + Level 3.7 Spellcasting
 - Level 1.0 Conjurations
 - Level 1.0 Summonings
 - Level 1.0 Translocations
 * Level 0.5 Poison Magic


You had 2 spell levels left.
You knew the following spells:

 Your Spells              Type           Power        Failure   Level  Hunger
a - Magic Dart            Conj           #...         9%          1    None
b - Call Imp              Summ           #.......     12%         2    ##.....
c - Blink                 Tloc           N/A          12%         2    ##.....
d - Mephitic Cloud        Conj/Pois/Air  #.......     30%         3    ###....


Dungeon Overview and Level Annotations

Branches:
Dungeon (3/15)

Altars:


Innate Abilities, Weirdness & Mutations

You cannot wear most types of armour.
You are very stealthy in the water. (Stealth+)
You are amphibious.
You can wear up to eight rings at the same time.
You can use your tentacles to constrict eight enemies at once.
Your skin changes colour to match your surroundings (Stealth+).
Your rubbery body absorbs attacks. (AC +1, EV +1)


Message History

You feel sick.
Found a scroll labeled FAOXZE RUNARA.
You feel sick.
A dart slug comes into view.
You feel sick.
You feel sick.
You start resting.
You feel sick.
You are no longer poisoned.
You start resting.
Casting: Mephitic Cloud
Confirm with . or Enter, or press ? or * to list all spells.
Aiming: Magic Dart
Press: ? - help, Shift-Dir - straight line, f - orc
Aim: an orc, wielding a short sword and wearing a chain mail The magic dart hits the orc.
The orc is lightly wounded.
The orc zaps a wand.
The bolt of acid hits you!
Ouch! That really hurt!
You die...

#.# #..... #.##
##### #..# ##.##
#..# ##5# . #.#
....##.##########o#.
#.........@.......
#####.########.##.
#?# ... ....w #.....
#...... #......


You could see an orc.

Vanquished Creatures
  3 adders (D:2)
  An ooze (D:2)
  2 dart slugs (D:1)
  2 ball pythons (D:1)
  8 hobgoblins
  6 bats
  4 frilled lizards
  2 goblins
  7 kobolds
  9 rats
44 creatures vanquished.

Vanquished Creatures (collateral kills)
  A worm (D:2)
  A leopard gecko (D:2)
  An orc (D:3)
3 creatures vanquished.

Grand Total: 47 creatures vanquished

Notes
Turn   | Place    | Note
-------+----------+-------------------------------------------
     0 | D:1      | Folque the Octopode Wizard began the quest for the Orb.
     0 | D:1      | Reached XP level 1. HP: 11/11 MP: 4/4
   168 | D:1      | Reached skill level 1 in Fighting
   174 | D:1      | Reached XP level 2. HP: 17/18 MP: 3/6
   181 | D:1      | Learned a level 2 spell: Call Imp
   184 | D:1      | Learned a level 2 spell: Blink
   574 | D:2      | Reached XP level 3. HP: 11/24 MP: 0/7
   773 | D:2      | Reached skill level 3 in Stealth
  1005 | D:2      | Reached XP level 4. HP: 23/29 MP: 6/9
  1128 | D:2      | Learned a level 3 spell: Mephitic Cloud
  1256 | D:2      | Reached skill level 4 in Stealth
  1692 | D:3      | Killed from afar by an orc

Skill      XL: |  1  2  3  4 |
---------------+-------------+-----
Fighting       | 1 2 |  2.0
Stealth        | 3 4 |  4.1
Dodging        | |  2.0
Spellcasting   | |  3.7
Conjurations   | |  1.0
Summonings     | |  1.0
Translocations | |  1.0
Poison Magic   | |  0.5

Action                   |  1- 3 |  4- 6 || total
-------------------------+-------+-------++-------
Melee: Short sword       |    59 |    14 ||    73
       Constrict         |    13 |     3 ||    16
       Tentacles         |     2 |       ||     2
       Unarmed           |     1 |       ||     1
       Dagger            |       |     8 ||     8
 Cast: Magic Dart        |    17 |    14 ||    31
       Call Imp          |     4 |     2 ||     6
       Blink             |       |     1 ||     1
  Use: Scroll            |     2 |     1 ||     3
 Stab: Sleeping          |     8 |     2 ||    10
  Eat: Chunk             |       |     3 ||     3
Armor: Skin              |    11 |     3 ||    14
Dodge: Dodged            |    31 |    14 ||    45
